 Dungeon Crawl Stone Soup version 0.20-a0-2-g2b0e13a (webtiles) character file.

8799 dobroeutro the Fighter (level 11, -5/93 HPs)
             Began as a Demonspawn Gladiator on Oct 29, 2016.
             Was an Elder of Okawaru.
             Slain by a hell rat (16 damage)
             ... on level 10 of the Dungeon on Oct 30, 2016.
             The game lasted 00:19:32 (10841 turns).

dobroeutro the Fighter (Demonspawn Gladiator)      Turns: 10841, Time: 00:19:32

Health: -5/93      AC: 14    Str: 21    XL:     11   Next: 14%
Magic:  11/11      EV: 17    Int: 10    God:    Okawaru [****..]
Gold:   691        SH:  0    Dex: 14    Spells: 0 memorised, 10 levels left

rFire  x . .     SeeInvis .     M - +2 quarterstaff (distort)
rCold  + . .     Gourm    .     S - +0 steam dragon scales
rNeg   . . .     Faith    .     (shield currently unavailable)
rPois  .         Spirit   .     c - +0 helmet
rElec  .         Reflect  .     b - +0 cloak
rCorr  .         Harm     .     s - +2 pair of gloves
MR     .....                    (no boots)
Stlth  ++........               (no amulet)
                                L - ring of ice
                                z - +3 ring of strength

@: drained
A: hooves 1, rugged brown scales 2, nightstalker 1, rot immunity
a: Heroism, Renounce Religion


You were on level 10 of the Dungeon.
You worshipped Okawaru.
Okawaru was greatly pleased with you.
You were hungry.

You visited 2 branches of the dungeon, and saw 12 of its levels.
You also visited: Sewer.

You collected 691 gold pieces.

Inventory:

Hand Weapons
 a - a +0 quarterstaff
 p - a +1 dagger of venom
 M - a +2 quarterstaff of distortion (weapon)
Missiles
 d - 3 throwing nets (quivered)
Armour
 b - a +0 cloak (worn)
 c - a +0 helmet (worn)
 s - a +2 pair of gloves (worn)
 S - +0 steam dragon scales (worn)
 T - a +0 chain mail
Jewellery
 z - a +3 ring of strength (left hand)
 L - a ring of ice (right hand)
 Q - an uncursed amulet of rage
Wands
 k - a wand of lightning (7/15)
 v - a wand of lightning (4/15)
 F - a wand of iceblast (8/15)
 G - a wand of acid (8/15)
 H - a wand of random effects (24/48)
 J - a wand of random effects (23/48)
 N - a wand of paralysis (11/24)
 R - a wand of paralysis (9/24)
Scrolls
 e - 9 scrolls of identify
 g - 2 scrolls of random uselessness {unknown}
 i - 2 scrolls of amnesia {unknown}
 n - 2 scrolls of recharging {unknown}
 o - 3 scrolls of teleportation {unknown}
 q - a scroll of fog {unknown}
 r - 2 scrolls of magic mapping {unknown}
 w - 4 scrolls of remove curse {unknown}
 y - 3 scrolls of enchant armour {unknown}
 I - a scroll of immolation {unknown}
 K - a scroll of fear {unknown}
Potions
 h - 8 potions of heal wounds
 l - 2 potions of degeneration {unknown}
 m - 7 potions of curing
 A - 5 potions of flight {unknown}
 B - a potion of might {unknown}
 C - 5 potions of agility
 D - 3 potions of brilliance {unknown}
 P - 3 potions of lignification {unknown}
Books
 O - a book of Callings

   Spells                             Type                      Level
   a - Summon Small Mammal            Summoning                    1
   b - Call Imp                       Summoning                    2
   c - Call Canine Familiar           Summoning                    3
   d - Summon Guardian Golem          Hexes/Summoning              3
   e - Summon Lightning Spire         Summoning/Air                4
   f - Summon Ice Beast               Ice/Summoning                4
Comestibles
 f - a bread ration
 j - 5 meat rations
 t - 2 royal jellies
 u - a slice of pizza
 x - 2 beef jerkies
 E - 18 fruits


   Skills:
 + Level 9.0(8.5) Fighting
 + Level 8.5(8.0) Staves
 - Level 1.7(1.4) Throwing
 + Level 8.0(7.6) Armour
 + Level 8.5(8.0) Dodging


You had 10 spell levels left.
You didn't know any spells.

Dungeon Overview and Level Annotations

Branches:
Dungeon (11/15)            Temple (1/1) D:5            Lair (0/6) D:11
    Orc: D:9-12

Altars:
Ashenzari
Cheibriados
Dithmenos
Elyvilon
Fedhas
Gozag
Hepliaklqana
Kikubaaqudgha
Makhleb
Nemelex Xobeh
Okawaru
Qazlal
Ru
Sif Muna
Trog
Uskayaw
Vehumet
Xom
Yredelemnul
Zin
The Shining One

Shops:
D:8 *

Annotations:
D:6 exclusion: oklob plant
D:10 dobroeutro's ghost, novice DsGl


Innate Abilities, Weirdness & Mutations

You have large cloven feet.
You are mostly covered in rugged brown scales. (AC +2, +5% HP)
You are slightly more attuned to the shadows.
You are immune to rotting.


Message History

You kick the komodo dragon, but do no damage.
The komodo dragon is heavily wounded.
The hell rat closely misses you. The quokka barely misses you.
The rat misses you.
The komodo dragon completely misses you.
You sock the komodo dragon!
The komodo dragon looks slightly unstable.
The komodo dragon is severely wounded.
The hell rat bites you!
* * * LOW HITPOINT WARNING * * *
The quokka completely misses you.
You sock the komodo dragon!
You kill the komodo dragon!
Okawaru accepts your kill.
Your base Fighting skill increases to level 9!
The hell rat closely misses you. The rat completely misses you.
The quokka bites you but does no damage.
The quokka bites you but does no damage.
The hell rat bites you!
You die...

##..............## #.# ###
#####.#.############# #.###..
.....###.# #...... #####.#.##
##### #..##.# # ##..#### ##...##
##.#.#.# ######.....#
##.....####.....#. ..>.....##.#
#.......##..###..#
.........#.#####.r.......#.# #.#.
########.#......@r.........###..#
# #.########r....####.....#. #
#.# ##...###....#.... #.# ###.##
#.#....... ####.# ##...#
#.##...### #
#....#######...#####.###.## #
#####>...................# #.# #
#...############...#########.####
.....## ##.## #.......


You could see a hell rat, a quokka and a rat.

Vanquished Creatures
  A death yak (D:8)
  A hill giant (D:5)
  A komodo dragon (D:10)
  2 hippogriffs (D:8)
  Sigmund (D:2)
  10 yaks (D:8)
  A hungry ghost (D:10)
  A steam dragon (D:10)
  A water moccasin (D:10)
  Edmund (D:4)
  2 sky beasts
  A black bear (D:8)
  2 ice beasts
  An orc warrior (D:6)
  A necrophage (D:10)
  5 ogres
  2 phantoms (D:6)
  4 centaurs
  2 crocodiles
  5 big kobolds
  8 bullfrogs
  A scorpion (D:10)
  A water moccasin skeleton (D:7)
  A water moccasin zombie (D:7)
  3 killer bees (D:9)
  3 wights (D:8)
  2 crimson imps
  3 howler monkeys
  4 hounds
  6 jellies (D:6)
  A centaur zombie (D:9)
  Jessica (D:1)
  A bullfrog skeleton (D:5)
  4 orc wizards
  Ijyb (D:3)
  2 iguanas
  Natasha (twice) (D:2 D:1)
  3 worker ants
  A hound zombie (D:10)
  3 worker ant zombies
  Robin (D:2)
  A howler monkey skeleton (D:4)
  13 adders
  4 gnolls (D:3)
  A shadow imp (D:10)
  16 oozes
  An adder zombie (D:8)
  An adder skeleton (D:9)
  3 worms
  A dart slug (D:3)
  8 leopard geckos
  15 orcs
  6 ball pythons
  14 giant cockroaches
  19 goblins
  2 hobgoblins
  7 jackals
  31 kobolds
  5 quokkas
  6 bats
  9 frilled lizards
  A jackal zombie (D:6)
  12 rats
273 creatures vanquished.

Vanquished Creatures (others)
  A two-headed ogre (D:9)
  2 hippogriffs
  2 yaks (D:8)
  An ice beast (D:9)
  A wight (D:8)
  A bullfrog skeleton (D:10)
  An iguana (D:10)
  An orc (D:8)
  5 fungi (D:6)
15 creatures vanquished.

Grand Total: 288 creatures vanquished

Notes
Turn   | Place    | Note
-------+----------+-------------------------------------------
     0 | D:1      | dobroeutro the Demonspawn Gladiator began the quest for the Orb.
     0 | D:1      | Reached XP level 1. HP: 16/16 MP: 1/1
    76 | D:1      | Gained mutation: You are slightly more attuned to the shadows. [demonic ancestry]
    76 | D:1      | Reached XP level 2. HP: 17/22 MP: 2/2
   417 | D:1      | Reached skill level 1 in Armour
   717 | D:1      | Gained mutation: You are partially covered in rugged brown scales. (AC +1, +3% HP) [demonic ancestry]
   717 | D:1      | Reached XP level 3. HP: 22/27 MP: 3/3
   894 | D:2      | Noticed Natasha
   905 | D:2      | Killed Natasha
   945 | D:2      | Noticed Natasha
  1221 | D:1      | Killed Natasha
  1221 | D:1      | Reached XP level 4. HP: 10/35 MP: 4/4
  1314 | D:2      | Noticed Sigmund
  1324 | D:2      | Killed Sigmund
  1324 | D:2      | Reached skill level 3 in Fighting
  1324 | D:2      | Reached XP level 5. HP: 27/42 MP: 5/5
  1362 | D:2      | Reached XP level 6. HP: 30/48 MP: 6/6
  1457 | D:2      | Noticed Robin
  1461 | D:2      | Noticed Jessica
  1487 | D:1      | Killed Jessica
  1643 | D:2      | Killed Robin
  2567 | D:3      | Noticed Ijyb
  2615 | D:3      | Killed Ijyb
  2657 | D:3      | Noticed a sky beast
  2673 | D:3      | Killed a sky beast
  2673 | D:3      | Reached skill level 4 in Fighting
  2673 | D:3      | Reached XP level 7. HP: 38/55 MP: 7/7
  3429 | D:4      | Noticed Edmund
  3446 | D:4      | Killed Edmund
  3616 | D:4      | Found a glowing drain.
  3645 | Sewer    | Entered a sewer
  3687 | Sewer    | Reached skill level 5 in Staves
  3917 | Sewer    | Reached skill level 5 in Dodging
  3917 | Sewer    | Reached XP level 8. HP: 56/62 MP: 8/8
  4079 | D:5      | Entered Level 5 of the Dungeon
  4087 | D:5      | Reached skill level 5 in Fighting
  4287 | D:5      | Noticed a hill giant
  4325 | D:5      | Killed a hill giant
  4578 | D:5      | Reached skill level 5 in Armour
  4668 | D:5      | Found a staircase to the Ecumenical Temple.
  4688 | Temple   | Entered the Ecumenical Temple
  4785 | Temple   | Became a worshipper of Warmaster Okawaru
  5093 | D:6      | Reached skill level 6 in Fighting
  5093 | D:6      | Gained mutation: You have large cloven feet. [demonic ancestry]
  5093 | D:6      | Reached XP level 9. HP: 32/71 MP: 9/9
  5436 | D:6      | Found a hazy altar of Hepliaklqana.
  5863 | D:6      | Noticed an oklob plant
  6300 | D:6      | Reached * piety under Okawaru
  7613 | D:7      | Found an opulent altar of Gozag.
  7665 | D:7      | Reached skill level 7 in Fighting
  8260 | D:8      | Found Bawengup's General Store.
  8699 | D:8      | Reached ** piety under Okawaru
  8701 | D:8      | Gained mutation: You are mostly covered in rugged brown scales. (AC +2, +5% HP) [demonic ancestry]
  8701 | D:8      | Reached XP level 10. HP: 47/82 MP: 10/10
  8866 | D:8      | Reached *** piety under Okawaru
  9079 | D:8      | Reached skill level 8 in Fighting
  9238 | D:8      | Noticed a death yak
  9244 | D:8      | Killed a death yak
  9420 | D:9      | Reached **** piety under Okawaru
  9638 | D:9      | Found a shadowy altar of Dithmenos.
  9833 | D:9      | Found a blossoming altar of Fedhas.
  9834 | D:9      | Found a burning altar of Makhleb.
  9839 | D:9      | Found a snail-covered altar of Cheibriados.
  9889 | D:9      | Found an ancient bone altar of Kikubaaqudgha.
 10011 | D:10     | Entered Level 10 of the Dungeon
 10425 | D:10     | Gained mutation: You are immune to rotting. [demonic ancestry]
 10425 | D:10     | Reached XP level 11. HP: 57/91 MP: 11/11
 10491 | D:10     | Noticed dobroeutro's ghost (novice DsGl)
 10823 | D:11     | Found a staircase to the Lair.
 10840 | D:10     | Reached skill level 9 in Fighting
 10841 | D:10     | Slain by a hell rat

Vault maps used:
D:1:      minmay_arrival_three_doors
D:2:      minmay_tetromino_o2, uniq_sigmund, uniq_natasha, uniq_jessica,
          uniq_robin
D:3:      uniq_iyjb
D:4:      gup_sewer_entry_pipe, uniq_edmund
D:5:      first_bread, corexii_checkpoint_a, dk_vineyard_1, grunt_decor_clamped
D:6:      lemuel_slime, kennysheep_mini_moat
D:7:      nicolae_gozag_cash_rules_everything_around_me
D:8:      argonaut_augean_stables, serial_shops, shop
D:9:      gammafunk_temple_overflow_forgotten, kennysheep_little_box,
          basic_altar
D:10:     kennysheep_six_static_rooms
D:11:     dpeg_lair_monsters, david_orc_3, david_nohive_1
Temple:   kb_temple_of_zot
Sewer:    kennysheep_pipe_town

Skill      XL: |  1  2  3  4  5  6  7  8  9 10 11 |
---------------+----------------------------------+-----
Staves         | 3 4 5 6 7 8 |  8.5
Armour         | 1 2 3 4 5 6 7 8 |  8.0
Dodging        | 3 4 5 6 7 8 |  8.5
Fighting       | 3 4 6 7 8 9 |  9.0
Throwing       | |  1.7

Action                   |  1- 3 |  4- 6 |  7- 9 | 10-12 || total
-------------------------+-------+-------+-------+-------++-------
Melee: Quarterstaff      |    22 |       |   129 |   301 ||   452
       Dagger            |    68 |   199 |   636 |       ||   903
       Kick              |       |       |   183 |    96 ||   279
  Use: Potion            |     1 |     1 |       |     1 ||     3
       Scroll            |       |       |       |     1 ||     1
 Stab: Sleeping          |     5 |     3 |     1 |     4 ||    13
       Distracted        |       |     1 |       |       ||     1
  Eat: Chunk             |       |     6 |     6 |     6 ||    18
       Bread ration      |       |       |     3 |     1 ||     4
Armor: Leather armour    |     2 |       |       |       ||     2
       Ring mail         |    23 |    94 |   170 |       ||   287
       Chain mail        |       |       |   207 |    96 ||   303
       Steam dragon scal |       |       |       |    52 ||    52
Dodge: Dodged            |    64 |   171 |   441 |   199 ||   875
